 Dungeon Crawl Stone Soup version 0.19-a0-1899-g2d93087 (webtiles) character file.

2553 dobroeutro the Skirmisher (level 9, -3/72 HPs)
             Began as a Formicid Hunter on Oct 19, 2016.
             Killed from afar by Pikel (13 damage)
             ... with a wand of lightning
             ... on level 7 of the Dungeon.
             The game lasted 00:11:57 (5731 turns).

dobroeutro the Skirmisher (Formicid Hunter)         Turns: 5731, Time: 00:11:57

Health: -3/72      AC: 11    Str: 20    XL:     9   Next: 86%
Magic:  8/9        EV: 12    Int: 13    God:
Gold:   98         SH:  5    Dex: 12    Spells: 0 memorised, 8 levels left

rFire  + . .     SeeInvis +     I - +8 lance "Wyrmbane" {slay drac, rPois rF+ rC+ AC+3}
rCold  + . .     Gourm    .     c - +0 leather armour
rNeg   . . .     Faith    .     C - +0 buckler
rPois  +         Spirit   .     (helmet unavailable)
rElec  .         Reflect  .     (no cloak)
rCorr  .         Harm     .     T - +1 pair of gloves of the Barnacle {Int+3}
MR     .....                    (no boots)
Stlth  +.........               r - amulet of magic regeneration
                                D - ring of flight
                                n - +3 ring of protection

@: no status effects
A: permanent stasis, dig shafts and tunnels, four strong arms, antennae 3,
evolution 1
a: Dig, Shaft Self, Evoke Flight


You were on level 7 of the Dungeon.
You were not hungry.

You visited 2 branches of the dungeon, and saw 9 of its levels.

You collected 421 gold pieces.
You spent 323 gold pieces at shops.

Inventory:

Hand Weapons
 a - a +1 hand crossbow
 I - the +8 lance "Wyrmbane" (weapon) {slay drac, rPois rF+ rC+ AC+3}
   (You found it on level 4 of the Dungeon)

   It affects your AC (+3).
   It protects you from fire.
   It protects you from cold.
   It protects you from poison.
Missiles
 d - 52 bolts
Armour
 c - a +0 leather armour (worn)
 C - a +0 buckler (worn)
 T - the +1 pair of gloves of the Barnacle (worn) {Int+3}
   (You bought it in a shop on level 8 of the Dungeon)

   It affects your intelligence (+3).
Jewellery
 n - a +3 ring of protection (left hand)
 r - an amulet of magic regeneration (around neck)
 D - a ring of flight (right hand)
Wands
 A - a wand of random effects (28/48)
 M - a wand of random effects (12/48)
 Q - a wand of flame (26/48)
 R - a wand of lightning (3/15)
Scrolls
 g - a scroll of noise {unknown}
 h - a scroll of blinking {unknown}
 i - 3 scrolls of immolation {unknown}
 k - 7 scrolls of teleportation {unknown}
 p - 2 scrolls of fear {unknown}
 q - 9 scrolls of identify {unknown}
 s - 6 scrolls of magic mapping {unknown}
 t - 4 scrolls of enchant armour {unknown}
 y - 4 scrolls of remove curse {unknown}
 E - a scroll of recharging {unknown}
 H - 2 scrolls of enchant weapon {unknown}
 J - a scroll of random uselessness {unknown}
 N - a scroll of vulnerability {unknown}
 O - a scroll of fog {unknown}
Potions
 b - a potion of curing
 e - 3 potions of ambrosia
 j - 3 potions of haste {unknown}
 m - 2 potions of brilliance {unknown}
 o - 2 potions of flight {unknown}
 u - 2 potions of degeneration {unknown}
 v - a potion of mutation
 w - a potion of berserk rage {unknown}
 x - a potion of lignification {unknown}
 z - a potion of cure mutation {unknown}
 F - a potion of magic {unknown}
 G - 3 potions of might {unknown}
 P - a potion of heal wounds {unknown}
Comestibles
 f - 8 bread rations
 l - 3 meat rations
 B - 13 fruits
 K - 4 chunks of flesh
 L - 2 slices of pizza
 S - a royal jelly


   Skills:
 + Level 7.3 Fighting
   Level 3.3 Short Blades
 * Level 6.6 Polearms
 + Level 7.1 Crossbows
 + Level 2.5 Armour
 - Level 1.7 Dodging
 - Level 1.2 Stealth
 - Level 5.1 Shields


You had 8 spell levels left.
You didn't know any spells.

Dungeon Overview and Level Annotations

Branches:
Dungeon (8/15)             Temple (1/1) D:4
   Lair: D:8-11

Altars:
Ashenzari
Cheibriados
Elyvilon
Fedhas
Kikubaaqudgha
Makhleb
Nemelex Xobeh
Qazlal
Ru
Sif Muna
Trog
Uskayaw
Xom
Yredelemnul
Zin

Shops:
D:4 *   D:8 [

Annotations:
D:7 Pikel


Innate Abilities, Weirdness & Mutations

You are under a permanent stasis effect.
You can dig through walls and to a lower floor.
Your four strong arms can wield two-handed weapons with a shield.
You have a pair of large antennae on your head. (SInv)
You evolve.


Message History

* * * LOW HITPOINT WARNING * * *
You are electrocuted!
* * * LOW HITPOINT WARNING * * *
You feel better. Pikel hits you but does no damage.
You barely miss Pikel.
Pikel is heavily wounded.
Pikel hits you with a whip of electrocution.
* * * LOW HITPOINT WARNING * * *
You barely miss Pikel.
Pikel is heavily wounded.
You block Pikel's attack.
You hit Pikel but do no damage.
Pikel is heavily wounded.
Pikel hits you but does no damage.
You are electrocuted!
* * * LOW HITPOINT WARNING * * *
It was a potion of mutation.
You feel extremely strange.
You feel less energetic.
You feel more energetic.
You feel nature experimenting on you.
Don't worry, failures die fast.
Pikel zaps a wand.
The bolt of lightning hits you!
You die...

#<.#.#######..#.......##..#.#.#
#..#.......#..#........#..#.#.#
#..#######.#..###.........#.#.#
#..# #.#......####....#.#.# #..#
#.##.#############.#.## #..#
#....#.................
##..#########..#.#####.....(>....
#...........#..#.#...'...........
#...#######.#..#@#.###...........
#...# #.#..#K#'###...........
#...# ####[#..#.................
#...# #........[......#########.
#...####........>...........)..#.
#..............................#.
#...####.......................#'
#...##........>..###.............
######.########### #.............


You could see Pikel.

Vanquished Creatures
  2 hippogriffs (D:7)
  Sigmund (D:3)
  The ghost of p0werm0de the Ruffian, an amateur VSCK of Xom (D:5)
  Edmund (D:6)
  An orc warrior (D:6)
  4 slaves
  2 ice beasts
  2 black bears
  A phantom (D:7)
  An ogre (D:4)
  A centaur (D:6)
  Blork the orc (D:6)
  A bullfrog (D:6)
  A scorpion (D:6)
  A water moccasin skeleton (D:7)
  A bullfrog zombie (D:5)
  A centaur zombie (D:6)
  A crimson imp (D:5)
  A hound (D:6)
  A centaur skeleton (D:5)
  2 orc priests
  5 orc wizards
  Jessica (D:3)
  Ijyb (D:3)
  3 worker ants
  3 hound skeletons
  Robin (D:2)
  A howler monkey skeleton (D:5)
  6 gnolls
  6 adders
  2 shadow imps (D:5)
  2 oozes
  An adder zombie (D:7)
  4 worms
  4 dart slugs
  3 leopard geckos
  20 orcs
  3 ball pythons
  4 giant cockroaches
  10 hobgoblins
  14 jackals
  6 kobolds
  2 quokkas
  7 bats
  5 frilled lizards
  17 goblins
  7 rats
166 creatures vanquished.

Vanquished Creatures (others)
  An orc wizard (D:8)
1 creature vanquished.

Grand Total: 167 creatures vanquished

Notes
Turn   | Place    | Note
-------+----------+-------------------------------------------
     0 | D:1      | dobroeutro the Formicid Hunter began the quest for the Orb.
     0 | D:1      | Reached XP level 1. HP: 16/16 MP: 1/1
    65 | D:1      | Reached XP level 2. HP: 18/23 MP: 2/2
   327 | D:1      | Reached XP level 3. HP: 21/28 MP: 3/3
   374 | D:1      | Reached skill level 1 in Short Blades
   952 | D:2      | Reached XP level 4. HP: 27/35 MP: 4/4
  1396 | D:2      | Noticed Robin
  1424 | D:2      | Killed Robin
  1424 | D:2      | Reached XP level 5. HP: 35/42 MP: 5/5
  1714 | D:3      | Noticed Jessica
  1722 | D:3      | Noticed Ijyb
  1726 | D:3      | Killed Jessica
  1731 | D:3      | Reached skill level 5 in Crossbows
  1735 | D:3      | Killed Ijyb
  1975 | D:3      | Reached XP level 6. HP: 26/48 MP: 6/6
  2032 | D:3      | Found a snail-covered altar of Cheibriados.
  2157 | D:3      | Noticed Sigmund
  2170 | D:3      | Killed Sigmund
  2170 | D:3      | Reached XP level 7. HP: 22/55 MP: 7/7
  2697 | D:4      | Found Roigrod's Elemental Accessories.
  2721 | D:4      | Reached skill level 5 in Fighting
  2753 | D:4      | Found a bloodstained altar of Trog.
  2786 | D:4      | Found a blossoming altar of Fedhas.
  2943 | D:4      | Found a stormy altar of Qazlal.
  2996 | D:4      | Found a staircase to the Ecumenical Temple.
  3011 | Temple   | Entered the Ecumenical Temple
  3157 | D:4      | Reached skill level 1 in Polearms
  3193 | D:4      | You fall through a shaft for 2 floors!
  3306 | D:5      | Entered Level 5 of the Dungeon
  3719 | D:5      | Noticed p0werm0de's ghost (amateur VSCK)
  3732 | D:5      | Killed p0werm0de's ghost
  3732 | D:5      | Reached XP level 8. HP: 59/63 MP: 8/8
  4350 | D:6      | Noticed Edmund
  4361 | D:6      | Killed Edmund
  4361 | D:6      | Reached XP level 9. HP: 60/71 MP: 9/9
  4498 | D:6      | Noticed Blork the orc
  4506 | D:6      | Killed Blork the orc
  4506 | D:6      | Reached skill level 5 in Polearms
  4506 | D:6      | Reached skill level 5 in Shields
  4773 | D:7      | Reached skill level 1 in Armour
  5290 | D:7      | Noticed a hippogriff
  5291 | D:7      | Found a hide-covered altar of Uskayaw.
  5301 | D:7      | Killed a hippogriff
  5329 | D:7      | Noticed a hippogriff
  5335 | D:7      | Killed a hippogriff
  5473 | D:8      | Found Matt's Antique Armour Shoppe.
  5481 | D:8      | Bought a pair of jewelled gloves for 323 gold pieces
  5491 | D:8      | Identified the +1 pair of gloves of the Barnacle {Int+3} (You bought it in a shop on level 8 of the Dungeon)
  5497 | D:8      | Noticed Pikel
  5731 | D:7      | Gained mutation: Your magical capacity is low. (-10% MP) [potion of mutation]
  5731 | D:7      | Lost mutation: Your magical capacity is low. (-10% MP) [potion of mutation]
  5731 | D:7      | Gained mutation: You evolve. [potion of mutation]
  5731 | D:7      | Killed from afar by Pikel

Vault maps used:
D:1:      nicolae_arrival_washed_ashore
D:2:      first_bread, uniq_robin
D:3:      cheibriados_altar_1, st_stairs_10, uniq_iyjb, uniq_sigmund,
          uniq_jessica
D:4:      grunt_qazlal_clouds, bloody_trog, fedhas_altar_4,
          nicolae_elemental_shop
D:5:      kennysheep_generic_room_8
D:6:      uniq_edmund, uniq_blork_the_orc
D:7:      eat_drink_and_be_merry_uskayaw
D:8:      tso_metal_star, chequers_temple_overflow_minitemple,
          old_standard_altar, lemuel_doored_altar, serial_shops, shop,
          the_bakery, minmay_misc_feat_enclosed, hangedman_ru_absence,
          uniq_pikel
Temple:   eino_temple_lava

Skill      XL: |  1  2  3  4  5  6  7  8  9 |
---------------+----------------------------+-----
Short Blades   | 1 2 3 |  3.3
Fighting       | 3 4 5 6 7 |  7.3
Crossbows      | 5 6 7 |  7.1
Shields        | 2 3 4 5 |  5.1
Polearms       | 2 4 6 |  6.6
Armour         | 2 |  2.5
Dodging        | |  1.7
Stealth        | |  1.2

Action                   |  1- 3 |  4- 6 |  7- 9 || total
-------------------------+-------+-------+-------++-------
Melee: Short sword       |   109 |   180 |    72 ||   361
       Lance             |       |       |   288 ||   288
       Dagger            |       |       |    11 ||    11
 Fire: Hand crossbow     |       |    27 |     5 ||    32
 Abil: Dig               |     1 |     2 |       ||     3
  Use: Potion            |       |       |     4 ||     4
 Stab: Sleeping          |       |     1 |     4 ||     5
       Distracted        |       |       |     2 ||     2
  Eat: Chunk             |       |     4 |    12 ||    16
Armor: Leather armour    |    44 |    60 |    96 ||   200
Dodge: Dodged            |    98 |    91 |   145 ||   334
Block: Buckler           |       |     4 |    39 ||    43
